 Dungeon Crawl Stone Soup version 0.29.1-2-gbd0b4ee654 (webtiles) character file.

Game seed: 3458709652608515149

101 Hadkhar the Trooper (level 5, -7/41 HPs)
             Began as a Human Abyssal Knight on Nov 18, 2022.
             Was a Priest of Lugonu.
             Killed by divine providence
             ... invoked by an orc priest
              (8 damage)
             ... on level 3 of the Dungeon.
             The game lasted 00:11:50 (3497 turns).

Hadkhar the Trooper (Human Abyssal Knight)          Turns: 3497, Time: 00:11:51

Health: -7/41      AC:  3    Str: 15    XL:     5   Next: 4%
Magic:  7/7        EV: 11    Int: 10    God:    Lugonu [***...]
Gold:   146        SH:  0    Dex: 14    Spells: 4/4 levels left

rFire   . . .      SeeInvis .   l - +1 mace (vorpal)
rCold   . . .      Faith    .   (no shield)
rNeg    . . .      Spirit   .   b - +0 leather armour
rPois   .          Reflect  .   (no helmet)
rElec   .          Harm     .   (no cloak)
rCorr   .          Rampage  .   (no gloves)
Will    .....                   (no boots)
Stlth   +.........              (no amulet)
HPRegen 0.13/turn               (no ring)
MPRegen 0.10/turn               (no ring)

@: no status effects
A: no striking features
a: Renounce Religion, Depart the Abyss, Bend Space, Banish


You were on level 3 of the Dungeon.
You worshipped Lugonu.
Lugonu was most pleased with you.
You visited 1 branch of the dungeon, and saw 4 of its levels.
You visited the Abyss 1 time.

You collected 146 gold pieces.

Inventory:

Hand Weapons
 a - a +1 hand axe
 f - a +0 long sword
 l - a +1 vorpal mace (weapon)
Missiles
 c - 3 poisoned darts (quivered)
 o - 2 boomerangs
Armour
 b - a +0 leather armour (worn)
Jewellery
 p - a ring of ice
Scrolls
 i - a scroll of fear {unknown}
 j - a scroll of enchant weapon {unknown}
 k - a scroll of magic mapping {unknown}
 m - a scroll of vulnerability {unknown}
 n - 2 scrolls of identify {unknown}
 q - a scroll of silence {unknown}
Potions
 d - a potion of invisibility {unknown}
 e - 2 potions of curing {unknown}
 g - a potion of mutation {unknown}
 h - 2 potions of haste {unknown}


   Skills:
 + Level 3.6 Fighting
 - Level 2.2(2.5) Axes
 + Level 1.3(2.0) Maces & Flails
 + Level 2.9 Armour
 - Level 1.0 Dodging
 + Level 3.1 Invocations


You had 4 spell levels left.
You didn't know any spells.
Your spell library contained the following spells:

 Spells                   Type           Power      Damage    Failure   Level
 Beastly Appendage        Tmut           0%         N/A       43%         1
 Slow                     Hex            0%         N/A       43%         1
 Sting                    Tmut/Pois      0%         1d3       43%         1
 Poisonous Vapours        Pois/Air       0%         N/A       56%         2
 Wereblood                Tmut           0%         N/A       56%         2
 Confusing Touch          Hex            0%         N/A       80%         3
 Dazzling Flash           Conj/Hex       0%         N/A       80%         3
 Gell's Gravitas          Tloc           0%         N/A       80%         3
 Lesser Beckoning         Tloc           0%         N/A       80%         3
 Spider Form              Tmut/Pois      0%         N/A       80%         3
 Teleport Other           Tloc           0%         N/A       80%         3
 Vampiric Draining        Necr           0%         2d6       80%         3
 Iskenderun's Mystic Bla  Conj/Tloc      0%         2d3       99%         4
 Olgreb's Toxic Radiance  Pois           0%         N/A       99%         4
 Starburst                Conj/Fire      0%         6d3       100%        6


Dungeon Overview and Level Annotations

Branches:
Dungeon (4/15)
 Temple: D:4-7

Altars:
Dithmenos
Fedhas
Ru
Vehumet

Annotations:
D:3 1 runed translucent door, Crazy Yiuf


Message History

The floor.
You see here a +0 hammer.
Okay, then.
Found an escape hatch in the ceiling.
Found 4 gold pieces.
The orc priest shouts!
You hear a shout! x2
You hit the orc priest.
The orc priest is heavily wounded.
The orc priest hits you with a +0 dagger.
You hit the orc priest.
You kill the orc priest!
Lugonu accepts your kill.
You have reached level 5!
The orc priest barely misses you. The orc hits you but does no damage.
You hit the orc priest.
The orc priest is moderately wounded.
The orc priest hits you with a +0 club. The orc hits you with a +0 whip.
You closely miss the orc priest.
The orc priest is moderately wounded.
The orc priest hits you with a +0 club. The orc hits you with a +0 whip.
The orc priest hits you with a +0 club. The orc hits you with a +0 whip.
You closely miss the orc priest.
The orc priest is moderately wounded.
The orc priest hits you with a +0 club. The orc hits you with a +0 whip.
* * * LOW HITPOINT WARNING * * *
You barely miss the orc priest.
The orc priest is moderately wounded.
The orc priest hits you with a +0 club.
* * * LOW HITPOINT WARNING * * *
The orc hits you with a +0 whip.
* * * LOW HITPOINT WARNING * * *
You closely miss the orc priest.
The orc priest is moderately wounded.
The orc priest hits you with a +0 club.
* * * LOW HITPOINT WARNING * * *
The orc hits you with a +0 whip.
* * * LOW HITPOINT WARNING * * *
The orc priest calls down the wrath of Beogh upon you.
Beogh smites you!
You die...

........#⌠.......................
........#$..... o...# #..#.......
....###.##..#...#o.## #..........
....# #.###....o.o.# #........
....# #..#########.# #..>.....
....# ##...........#######.o.....
....# #####............##..#####
....# #####..).o........[†.#
....# #...').(♣@♣♣♣.♣♣♣o♣..#
....# #.###...♣.o.♣.♣...♣..#
....# #.# #...♣♣♣.♣.♣.♣♣♣..#
....# #.# #.....♣.♣.♣.♣....#
'#### #.# #..._........._..# .#
#.# #.....♣.♣.♣.♣....# .# #.#
#...♣♣♣.♣.♣.♣♣♣..# .# #.#
#...♣...♣.♣...♣..# .# #.#
#...♣.♣♣♣.♣♣♣.♣..#


You could see an orc priest and an orc.

Vanquished Creatures
  An orc priest (D:3)
  2 adders (D:2)
  A worm (D:2)
  4 orcs
  4 endoplasms
  A giant cockroach (D:3)
  2 goblins (D:1)
  9 hobgoblins
  6 kobolds
  2 quokkas
  4 ball pythons
  4 bats
  6 frilled lizards
  2 rats
48 creatures vanquished.

Notes
Turn   | Place    | Note
-------+----------+-------------------------------------------
     0 | Abyss:1  | Hadkhar the Human Abyssal Knight began the quest for the
                  | Orb.
     0 | Abyss:1  | Reached XP level 1. HP: 18/18 MP: 2/2
     1 | D:1      | Escaped the Abyss
   408 | D:1      | Reached XP level 2. HP: 16/24 MP: 3/3
   659 | D:1      | Found a faded altar of an unknown god.
  1631 | D:2      | Reached XP level 3. HP: 23/29 MP: 4/4
  1950 | D:2      | Reached *** piety under Lugonu
  2286 | D:2      | Reached XP level 4. HP: 30/35 MP: 4/6
  2612 | D:2      | Reached skill level 1 in Maces & Flails
  2854 | D:3      | Found a radiant altar of Vehumet.
  2855 | D:3      | Found a blossoming altar of Fedhas.
  3044 | D:3      | Found a shadowy altar of Dithmenos.
  3073 | D:3      | Found a sacrificial altar of Ru.
  3439 | D:3      | Found a runed translucent door.
  3440 | D:3      | Noticed Crazy Yiuf
  3491 | D:3      | Reached XP level 5. HP: 41/41 MP: 7/7
  3497 | D:3      | HP: 1/41 [orc/+0 whip (4)]
  3497 | D:3      | Killed from afar by an orc priest

Illustrated notes

Levels and vault maps discovered:
D:1:      evilmike_arrival_plus, layout_basic, nicolae_ecumenical_lake_church,
          serial_rivers, chequers_serial_rivers_micro_e,
          chequers_serial_rivers_small_3, chequers_serial_rivers_room_a,
          chequers_serial_rivers_room_a, roderic_malta_cross,
          corexii_hall_statues_t
D:2:      layout_loops_ring, dk_noncrumbling_3, solitary_fountain
D:3:      cheibrodos_pilgrimage, layout_basic, nicolae_overflow_squiral,
          mainiacjoe_overflow_large_starburst, uniq_crazy_yiuf_cottage
D:4:      layout_rooms, demons_altar, nemelex_spade_bored_becter,
          uniq_blork_the_orc

Skill      XL: |  1  2  3  4 |
---------------+-------------+-----
Maces & Flails | 1 |  1.3
Invocations    | 3 |  3.1
Fighting       | |  3.6
Axes           | |  2.2
Armour         | |  2.9
Dodging        | |  1.0

Action                   |  1- 3 |  4- 6 || total
-------------------------+-------+-------++-------
Melee: Hand axe          |    52 |       ||    52
       Punch             |     1 |     1 ||     2
       Mace              |    44 |    43 ||    87
Armor: Leather armour    |    29 |     6 ||    35
Dodge: Dodged            |    61 |    25 ||    86
